[ AOE2 MATCH · #513585224 ]
UnrankedMagyars vs Burgundians
Player's team · WIN
[ REPLAY ANALYSIS · EXTRACTED FROM THE RECORDED GAME ]
Feudal
14:02
Castle
18:08
Imperial
45:24
| APM avg | 53.5 |
| APM peak | 119 |
| eAPM avg | 24.6 |
| Villagers / military | 116 / 176 |
Focus
⚔️ 25.8% · 🌾 74.2%
Knight ×95 · Scout Cavalry ×28 · Cavalry Archer ×28 · Mangonel ×9 · Monk ×8 · Militia ×7
Feudal
10:05
Castle
21:12
Imperial
—
| APM avg | 49.7 |
| APM peak | 83 |
| eAPM avg | 27.4 |
| Villagers / military | 142 / 142 |
Focus
⚔️ 34.7% · 🌾 65.3%
Knight ×101 · Skirmisher ×33 · Flemish Militia ×6 · Monk ×1 · Scout Cavalry ×1
Match map
Initial resources + every placement click. Lines = walls · curves = elevation contours. ◆ gold · ⬟ stone · ● berries · ✦ relic · ◌ wall gap
Your base· ✓ Closed at 18:08 · 47t walls · 1 gate(s)
ballin' penguin's base· ✓ Closed at 21:12 · 55t walls · no gate
Smoothed initial terrain · ◌ = detected wall gap · hover for details
Inputs per minute
— VNS__Pan - - ballin' penguin
Build order — VNS__Pan
First 150 of 414 actions detected
| 0:02 | Queue | Villager (Male) |
| 0:02 | Queue | Villager (Male) |
| 0:02 | Queue | Villager (Male) |
| 0:04 | Build | House |
| 0:05 | Build | House |
| 0:14 | Queue | Villager (Male) |
| 0:14 | Queue | Villager (Male) |
| 1:23 | Queue | Villager (Male) |
| 1:24 | Queue | Villager (Male) |
| 2:02 | Queue | Villager (Male) |
| 2:02 | Queue | Villager (Male) |
| 2:18 | Queue | Villager (Male) |
| 2:18 | Queue | Villager (Male) |
| 2:18 | Queue | Villager (Male) |
| 2:50 | Queue | Villager (Male) |
| 3:07 | Build | House |
| 3:10 | Queue | Villager (Male) |
| 3:10 | Queue | Villager (Male) |
| 3:10 | Queue | Villager (Male) |
| 3:10 | Queue | Villager (Male) |
| 3:20 | Build | Barracks |
| 3:47 | Queue | Villager (Male) |
| 4:02 | Queue | Villager (Male) |
| 4:28 | Build | House |
| 4:32 | Queue | Militia |
| 4:32 | Queue | Militia |
| 4:38 | Queue | Villager (Male) |
| 5:13 | Queue | Villager (Male) |
| 5:31 | Queue | Villager (Male) |
| 5:38 | Research | Loom |
| 5:44 | Build | House |
| 5:46 | Build | Palisade Wall |
| 5:56 | Queue | Villager (Male) |
| 6:14 | Build | Mining Camp |
| 6:16 | Queue | Militia |
| 6:16 | Queue | Militia |
| 6:16 | Queue | Militia |
| 7:12 | Queue | Villager (Male) |
| 7:19 | Build | Lumber Camp |
| 7:28 | Queue | Villager (Male) |
| 7:51 | Queue | Villager (Male) |
| 8:12 | Build | House |
| 8:13 | Build | Palisade Wall |
| 8:19 | Queue | Militia |
| 8:19 | Queue | Militia |
| 8:27 | Queue | Villager (Male) |
| 8:27 | Queue | Villager (Male) |
| 8:28 | Queue | Villager (Male) |
| 8:41 | Build | Palisade Wall |
| 8:53 | Build | Palisade Wall |
| 9:09 | Queue | Villager (Male) |
| 9:15 | Build | Palisade Wall |
| 9:21 | Build | Palisade Wall |
| 9:34 | Build | Mill |
| 9:43 | Queue | Villager (Male) |
| 10:01 | Queue | Villager (Male) |
| 10:24 | Build | House |
| 10:30 | Build | Farm |
| 10:31 | Queue | Villager (Male) |
| 10:44 | Build | Farm |
| 11:15 | Queue | Villager (Male) |
| 11:22 | Build | Farm |
| 11:24 | Build | Farm |
| 11:25 | Build | Farm |
| 11:43 | Build | Farm |
| 11:52 | Research | Feudal Age |
| 11:52 | Research | Feudal Age |
| 11:57 | Build | Farm |
| 12:19 | Build | Farm |
| 13:09 | Build | Farm |
| 13:43 | Queue | Villager (Male) |
| 14:02 | Age | Feudal Age |
| 14:06 | Build | Blacksmith |
| 14:20 | Queue | Villager (Male) |
| 14:22 | Build | Archery Range |
| 14:43 | Build | House |
| 14:52 | Queue | Villager (Male) |
| 14:55 | Build | Farm |
| 15:28 | Research | Castle Age |
| 15:29 | Research | Castle Age |
| 15:29 | Research | Castle Age |
| 15:33 | Build | Archery Range |
| 15:57 | Research | Double-Bit Axe |
| 16:16 | Research | Horse Collar |
| 16:44 | Research | Gold Mining |
| 16:58 | Research | Fletching |
| 17:12 | Build | Archery Range |
| 17:19 | Build | Archery Range |
| 17:37 | Queue | Archer |
| 17:53 | Build | Palisade Gate |
| 18:08 | Age | Castle Age |
| 18:13 | Queue | Villager (Male) |
| 18:20 | Queue | Cavalry Archer ×5 |
| 18:20 | Queue | Cavalry Archer ×5 |
| 18:37 | Queue | Villager (Male) |
| 18:44 | Research | Bow Saw |
| 18:44 | Research | Bow Saw |
| 18:59 | Queue | Cavalry Archer |
| 19:00 | Queue | Cavalry Archer |
| 19:16 | Build | House |
| 19:27 | Research | Bodkin Arrow |
| 19:28 | Research | Bodkin Arrow |
| 19:35 | Build | Farm |
| 19:39 | Queue | Villager (Male) |
| 19:39 | Queue | Villager (Male) |
| 19:44 | Build | Farm |
| 20:10 | Queue | Villager (Male) |
| 20:14 | Build | Farm |
| 20:15 | Build | Farm |
| 20:17 | Queue | Villager (Male) |
| 20:28 | Build | Farm |
| 20:35 | Queue | Cavalry Archer |
| 20:36 | Queue | Cavalry Archer |
| 20:51 | Build | Farm |
| 20:51 | Build | Farm |
| 21:03 | Build | Farm |
| 21:06 | Queue | Villager (Male) |
| 21:23 | Research | Padded Archer Armor |
| 21:23 | Research | Padded Archer Armor |
| 21:24 | Research | Padded Archer Armor |
| 21:24 | Queue | Villager (Male) |
| 21:31 | Build | Lumber Camp |
| 21:57 | Queue | Villager (Male) |
| 21:59 | Build | Farm |
| 22:00 | Build | Farm |
| 22:01 | Build | Farm |
| 22:11 | Queue | Villager (Male) |
| 22:15 | Build | House |
| 22:18 | Build | House |
| 22:19 | Build | House |
| 22:53 | Build | Siege Workshop |
| 23:02 | Build | House |
| 23:06 | Queue | Villager (Male) |
| 23:19 | Research | Leather Archer Armor |
| 23:19 | Research | Leather Archer Armor |
| 23:19 | Research | Leather Archer Armor |
| 23:21 | Queue | Villager (Male) |
| 23:22 | Queue | Villager (Male) |
| 23:22 | Queue | Villager (Male) |
| 23:57 | Queue | Villager (Male) |
| 24:00 | Build | Town Center |
| 24:02 | Queue | Villager (Male) |
| 24:35 | Build | Farm |
| 24:36 | Build | Farm |
| 24:48 | Build | Stable |
| 24:50 | Queue | Mangonel |
| 24:50 | Queue | Mangonel |
| 24:54 | Build | Farm |
| 24:55 | Queue | Villager (Male) |
| 25:10 | Queue | Cavalry Archer ×3 |
Build order — ballin' penguin
First 150 of 442 actions detected
| 0:00 | Queue | Villager (Male) |
| 0:01 | Queue | Villager (Male) |
| 0:01 | Queue | Villager (Male) |
| 0:01 | Queue | Villager (Male) |
| 0:03 | Build | House |
| 0:04 | Build | House |
| 1:29 | Queue | Villager (Male) |
| 1:29 | Queue | Villager (Male) |
| 1:55 | Build | Lumber Camp |
| 2:01 | Queue | Villager (Male) |
| 2:01 | Queue | Villager (Male) |
| 2:18 | Queue | Villager (Male) |
| 2:19 | Queue | Villager (Male) |
| 2:19 | Queue | Villager (Male) |
| 2:54 | Queue | Villager (Male) |
| 2:55 | Queue | Villager (Male) |
| 3:13 | Queue | Villager (Male) |
| 3:14 | Queue | Villager (Male) |
| 3:39 | Build | House |
| 3:39 | Queue | Villager (Male) |
| 3:53 | Queue | Villager (Male) |
| 3:54 | Queue | Villager (Male) |
| 4:07 | Build | Palisade Wall |
| 4:24 | Queue | Villager (Male) |
| 4:34 | Build | House |
| 4:38 | Build | Palisade Wall |
| 4:38 | Build | Palisade Wall |
| 4:44 | Queue | Villager (Male) |
| 5:01 | Queue | Villager (Male) |
| 5:01 | Queue | Villager (Male) |
| 5:05 | Build | Mill |
| 5:18 | Queue | Villager (Male) |
| 5:26 | Build | House |
| 5:49 | Queue | Villager (Male) |
| 6:11 | Queue | Villager (Male) |
| 6:19 | Queue | Villager (Male) |
| 6:35 | Build | Barracks |
| 6:59 | Build | Palisade Wall |
| 7:00 | Build | Palisade Wall |
| 7:01 | Build | Palisade Wall |
| 7:03 | Build | Palisade Wall |
| 7:04 | Build | Palisade Wall |
| 7:24 | Research | Loom |
| 7:53 | Research | Feudal Age |
| 7:54 | Research | Feudal Age |
| 8:11 | Build | Mill |
| 8:50 | Research | Double-Bit Axe |
| 9:13 | Queue | Villager (Male) |
| 9:32 | Research | Horse Collar |
| 10:05 | Build | Farm |
| 10:05 | Age | Feudal Age |
| 10:07 | Build | Farm |
| 10:09 | Queue | Flemish Militia |
| 10:10 | Queue | Flemish Militia |
| 10:10 | Queue | Flemish Militia |
| 10:12 | Queue | Villager (Male) |
| 10:14 | Build | Farm |
| 10:25 | Build | Farm |
| 10:40 | Queue | Villager (Male) |
| 10:47 | Queue | Villager (Male) |
| 10:52 | Queue | Villager (Male) |
| 11:08 | Queue | Villager (Male) |
| 11:15 | Queue | Villager (Male) |
| 11:16 | Build | House |
| 11:24 | Queue | Flemish Militia |
| 11:25 | Queue | Flemish Militia |
| 11:32 | Build | House |
| 11:34 | Build | Palisade Wall |
| 11:56 | Queue | Villager (Male) |
| 12:00 | Build | Farm |
| 12:01 | Queue | Villager (Male) |
| 12:08 | Queue | Flemish Militia |
| 12:25 | Queue | Villager (Male) |
| 12:29 | Build | Lumber Camp |
| 13:06 | Build | House |
| 13:25 | Research | Bow Saw |
| 13:27 | Build | Farm |
| 13:39 | Build | House |
| 13:41 | Queue | Villager (Male) |
| 13:42 | Queue | Villager (Male) |
| 13:42 | Queue | Villager (Male) |
| 13:43 | Queue | Villager (Male) |
| 13:57 | Build | House |
| 14:03 | Build | Palisade Wall |
| 14:05 | Queue | Villager (Male) |
| 14:10 | Build | Farm |
| 14:17 | Build | Farm |
| 14:22 | Build | House |
| 14:35 | Build | House |
| 14:42 | Build | Palisade Wall |
| 14:48 | Build | Mining Camp |
| 14:50 | Build | Mining Camp |
| 14:52 | Queue | Villager (Male) |
| 14:56 | Build | House |
| 14:59 | Build | Palisade Wall |
| 15:13 | Research | Heavy Plow |
| 15:13 | Research | Heavy Plow |
| 15:13 | Research | Heavy Plow |
| 15:34 | Build | Farm |
| 15:37 | Build | Farm |
| 15:56 | Build | Farm |
| 16:00 | Build | House |
| 16:01 | Queue | Villager (Male) |
| 16:08 | Build | Farm |
| 16:18 | Build | House |
| 16:44 | Queue | Villager (Male) |
| 16:44 | Queue | Villager (Male) |
| 16:48 | Build | Blacksmith |
| 16:59 | Build | House |
| 17:22 | Build | Farm |
| 17:42 | Queue | Villager (Male) |
| 17:43 | Queue | Villager (Male) |
| 17:45 | Build | Stable |
| 17:48 | Build | Farm |
| 17:50 | Research | Gold Mining |
| 17:55 | Build | House |
| 18:16 | Build | Farm |
| 18:31 | Research | Castle Age |
| 18:32 | Research | Castle Age |
| 18:35 | Build | Archery Range |
| 18:44 | Build | House |
| 18:48 | Build | House |
| 19:03 | Queue | Villager (Male) |
| 19:09 | Build | House |
| 19:11 | Queue | Villager (Male) |
| 19:19 | Queue | Skirmisher |
| 19:19 | Queue | Skirmisher |
| 19:19 | Queue | Skirmisher |
| 19:20 | Queue | Skirmisher |
| 19:23 | Build | House |
| 19:32 | Build | Palisade Wall |
| 19:40 | Research | Fletching |
| 19:40 | Research | Padded Archer Armor |
| 19:56 | Build | Archery Range |
| 20:04 | Build | House |
| 20:05 | Build | Stone Wall |
| 20:06 | Queue | Villager (Male) |
| 20:12 | Build | Stone Wall |
| 20:13 | Queue | Villager (Male) |
| 20:41 | Queue | Skirmisher |
| 20:41 | Queue | Skirmisher |
| 20:43 | Queue | Skirmisher |
| 20:43 | Queue | Skirmisher |
| 20:59 | Queue | Villager (Male) |
| 21:04 | Build | House |
| 21:10 | Build | Stone Wall |
| 21:10 | Queue | Villager (Male) |
| 21:12 | Queue | Villager (Male) |
| 21:12 | Age | Castle Age |
| 21:14 | Research | Elite Skirmisher (upgrade) |
Match timeline
| 3:20 | VNS__Pan · first_building Barracks |
| 4:07 | ballin' penguin · wall_segment Palisade Wall x1 |
| 4:38 | ballin' penguin · wall_segment Palisade Wall x1 |
| 4:38 | ballin' penguin · wall_segment Palisade Wall x1 |
| 5:46 | VNS__Pan · wall_segment Palisade Wall x10 |
| 6:35 | ballin' penguin · first_building Barracks |
| 6:59 | ballin' penguin · wall_segment Palisade Wall x1 |
| 7:00 | ballin' penguin · wall_segment Palisade Wall x1 |
| 7:01 | ballin' penguin · wall_segment Palisade Wall x1 |
| 7:03 | ballin' penguin · wall_segment Palisade Wall x1 |
| 7:04 | ballin' penguin · wall_segment Palisade Wall x1 |
| 8:13 | VNS__Pan · wall_segment Palisade Wall x1 |
| 8:41 | VNS__Pan · wall_segment Palisade Wall x13 |
| 8:53 | VNS__Pan · wall_segment Palisade Wall x5 |
| 9:15 | VNS__Pan · wall_segment Palisade Wall x9 |
| 9:21 | VNS__Pan · wall_segment Palisade Wall x9 |
| 10:05 | ballin' penguin · age_up feudal |
| 11:34 | ballin' penguin · wall_segment Palisade Wall x7 |
| 14:02 | VNS__Pan · age_up feudal |
| 14:03 | ballin' penguin · wall_segment Palisade Wall x10 |
| 14:22 | VNS__Pan · first_building Archery Range |
| 14:42 | ballin' penguin · wall_segment Palisade Wall x1 |
| 14:59 | ballin' penguin · wall_segment Palisade Wall x8 |
| 17:45 | ballin' penguin · first_building Stable |
| 18:08 | VNS__Pan · age_up castle |
| 18:35 | ballin' penguin · first_building Archery Range |
| 19:32 | ballin' penguin · wall_segment Palisade Wall x1 |
| 20:05 | ballin' penguin · wall_segment Stone Wall x6 |
| 20:12 | ballin' penguin · wall_segment Stone Wall x5 |
| 21:10 | ballin' penguin · wall_segment Stone Wall x9 |
| 21:12 | ballin' penguin · age_up castle |
| 21:32 | ballin' penguin · wall_segment Stone Wall x1 |
| 22:53 | VNS__Pan · first_building Siege Workshop |
| 24:16 | ballin' penguin · first_market_buy 100 wood |
| 24:48 | VNS__Pan · first_building Stable |
| 24:57 | ballin' penguin · wall_segment Stone Wall x5 |
| 25:35 | VNS__Pan · first_building Monastery |
| 33:01 | ballin' penguin · first_market_sell 100 wood |
| 34:56 | ballin' penguin · wall_segment Stone Wall x1 |
| 38:24 | VNS__Pan · first_building Castle |
| 39:09 | ballin' penguin · first_building Monastery |
| 40:59 | ballin' penguin · first_building Castle |
| 45:24 | VNS__Pan · age_up imperial |
| 45:53 | ballin' penguin · resign |
[ AI ANALYSIS · 1 CREDIT ]
What really happened in this match?
Wolo.gg analyzes every decision: build order, eco, micro, common mistakes by bracket. Personalized analysis on WhatsApp or Discord in 30 seconds.
Civ guide
Magyars
Perfil
Jugador #11762037